 Dungeon Crawl Stone Soup version 0.21.1-1-g345015fe64 (webtiles) character file.

78 Htamos the Conjurer (level 4, 0/28 HPs)
             Began as an Octopode Wizard on July 16, 2018.
             Slain by an adder (4 damage)
             ... on level 3 of the Dungeon.
             The game lasted 00:04:41 (3079 turns).

Htamos the Conjurer (Octopode Wizard)               Turns: 3079, Time: 00:04:41

Health: 0/28       AC:  1    Str:  6    XL:     4   Next: 36%
Magic:  3/8        EV:  8    Int: 21    God:
Gold:   175        SH:  9    Dex: 10    Spells: 8/9 levels left

rFire    . . .     SeeInvis .   l - +2 whip (distort)
rCold    . . .     Gourm    .   i - +0 large shield
rNeg     . . .     Faith    .   a - +0 hat
rPois    .         Spirit   .   (no amulet)
rElec    .         Reflect  .   (no ring)
rCorr    .         Harm     .   (no ring)
MR       .....                  (no ring)
Stlth    +++.......             (no ring)
HPRegen  0.09/turn              (no ring)
MPRegen  0.11/turn              (no ring)
                                (no ring)
                                (no ring)

@: lethally poisoned (0 -> -13), very slightly contaminated
A: almost no armour, stealthy swim, amphibious, 8 rings, constrict 8, camouflage
1, gelatinous body 1
a: no special abilities


You were on level 3 of the Dungeon.
You were hungry.

You visited 1 branch of the dungeon, and saw 3 of its levels.

You collected 175 gold pieces.

Inventory:

Hand Weapons
 d - a +0 dagger
 l - a +2 whip of distortion (weapon)
Missiles
 h - 76 stones (quivered)
Armour
 a - a +0 hat (worn)
 i - a +0 large shield (worn)
Jewellery
 g - a +2 ring of evasion {unknown}
Scrolls
 e - 4 scrolls of magic mapping {unknown}
 f - 3 scrolls of remove curse {unknown}
 j - 3 scrolls of teleportation {unknown}
 k - 2 scrolls of identify {unknown}
 n - a scroll of amnesia {unknown}
 o - a scroll of blinking {unknown}
Potions
 m - a potion of might {unknown}
 p - a potion of curing {unknown}
Books
 b - a book of Minor Magic

   Spells                             Type                      Level
   a - Magic Dart                     Conjuration                  1
   b - Blink                          Translocation                2
   c - Call Imp                       Summoning                    2
   d - Slow                           Hexes                        2
   e - Conjure Flame                  Conjuration/Fire             3
   f - Mephitic Cloud                 Conjuration/Poison/Air       3
Comestibles
 c - 7 rations


   Skills:
 - Level 1.4 Fighting
 - Level 2.0 Dodging
 - Level 2.6 Stealth
 + Level 1.4 Shields
 - Level 3.0 Spellcasting
 * Level 3.2 Conjurations
   Level 1.0 Summonings
   Level 1.0 Translocations


You had 8 spell levels left.
You knew the following spells:

 Your Spells              Type           Power        Failure   Level  Hunger
a - Magic Dart            Conj           ###.         58%         1    None


Dungeon Overview and Level Annotations

Branches:
Dungeon (3/15)

Altars:


Innate Abilities, Weirdness & Mutations

You cannot wear most types of armour.
You are very stealthy in the water. (Stealth+)
You are amphibious.
You can wear up to eight rings at the same time.
You can use your tentacles to constrict eight enemies at once.
Your skin changes colour to match your surroundings (Stealth+).
Your rubbery body absorbs attacks. (AC +1, EV +1)


Message History

You feel sick. The adder bites you. x2
You are more poisoned.
The adder poisons you!
You barely miss the adder. Your grab misses the adder.
The adder is heavily wounded.
You feel sick. You block the adder's attack. The adder bites you.
* * * LOW HITPOINT WARNING * * *
You are lethally poisoned!
The adder poisons you!
You barely miss the adder. Your grab misses the adder.
The adder is heavily wounded.
* * * LOW HITPOINT WARNING * * *
You feel sick. The adder bites you.
* * * LOW HITPOINT WARNING * * *
You barely miss the adder. You grab the adder.
The adder is heavily wounded.
You constrict the adder.
* * * LOW HITPOINT WARNING * * *
You feel sick. The adder bites you.
You die...

#..).......#
.#..........
...........
..........#
..........#
#..........#
#.......S..#
#.......@..#
#..........#
#..........#
#..........+
#..........#
#..........#
##.......#####
#.......'...#
#.......###.#


You could see an adder.

Vanquished Creatures
  A gnoll (D:1)
  3 adders (D:2)
  An ooze (D:2)
  A worm (D:2)
  A leopard gecko (D:2)
  2 giant cockroaches
  4 goblins
  6 hobgoblins
  4 jackals (D:2)
  A ball python (D:1)
  2 bats (D:2)
  3 frilled lizards
  2 kobolds
  A rat (D:3)
32 creatures vanquished.

Notes
Turn   | Place    | Note
-------+----------+-------------------------------------------
     0 | D:1      | Htamos the Octopode Wizard began the quest for the Orb.
     0 | D:1      | Reached XP level 1. HP: 11/11 MP: 4/4
   223 | D:1      | Reached skill level 1 in Fighting
   223 | D:1      | Reached XP level 2. HP: 5/18 MP: 0/6
  1603 | D:2      | Reached XP level 3. HP: 17/23 MP: 7/7
  2139 | D:2      | Reached skill level 1 in Shields
  2385 | D:2      | Reached XP level 4. HP: 28/28 MP: 5/8
  3079 | D:3      | Slain by an adder

Skill      XL: |  1  2  3 |
---------------+----------+-----
Fighting       | 1 |  1.4
Conjurations   | 2 3 |  3.2
Shields        | 1 |  1.4
Dodging        | |  2.0
Stealth        | |  2.6
Spellcasting   | |  3.0
Summonings     | |  1.0
Translocations | |  1.0

Action                   |  1- 3 |  4- 6 || total
-------------------------+-------+-------++-------
Melee: Dagger            |    16 |       ||    16
       Unarmed           |     3 |       ||     3
       Constrict         |     6 |    11 ||    17
       Tentacles         |     5 |     2 ||     7
       Whip              |    23 |    34 ||    57
 Cast: Magic Dart        |    21 |    14 ||    35
 Stab: Sleeping          |     2 |       ||     2
  Eat: Chunk             |     4 |     2 ||     6
Armor: Skin              |       |     7 ||     7
Dodge: Dodged            |    18 |     6 ||    24
Block: Large shield      |    11 |    29 ||    40
